 Dungeon Crawl Stone Soup version 0.19-a0-1007-g133f65f (webtiles) character file.

33665 Gruud the Party-goer (level 13, 0/109 HPs)
             Began as a Demonspawn Transmuter on July 19, 2016.
             Was a Follower of Uskayaw.
             Slain by an eight-headed hydra (12 damage)
             ... on level 5 of the Lair of Beasts.
             The game lasted 01:22:31 (12246 turns).

Gruud the Party-goer (Demonspawn Transmuter)       Turns: 12246, Time: 01:22:32

Health: 0/109      AC:  6    Str: 12    XL:     13   Next: 38%
Magic:  16/22      EV: 17    Int: 14    God:    Uskayaw [*.....]
Gold:   809        SH:  0    Dex: 23    Spells: 8 memorised, 4 levels left

rFire  x . .     SeeInvis .       - Unarmed
rCold  + + +     Gourm    .     (armour currently unavailable)
rNeg   . . .     Faith    .     (shield currently unavailable)
rPois  +         Spirit   .     (helmet currently unavailable)
rElec  .         Dismiss  .     (cloak currently unavailable)
rCorr  .         Reflect  .     (gloves currently unavailable)
SustAt .         Harm     .     (boots currently unavailable)
MR     .....                    y - amulet of regeneration
Stlth  ++........               s - ring of protection from cold
                                z - +5 ring of dexterity

@: ice-form, very slightly contaminated, not resistant to hostile enchantments,
unstealthy
A: (horns 0), rugged brown scales 2, (cold resistance 0), powered by pain 2,
(electricity resistance)
a: End Transformation, Stomp, Renounce Religion


You were on level 5 of the Lair of Beasts.
You worshipped Uskayaw.
Uskayaw was aware of your devotion.
You were not hungry.
You were a creature of crystalline ice.
You visited 2 branches of the dungeon, and saw 16 of its levels.
You also visited: Ossuary and Volcano.

You collected 809 gold pieces.

Inventory:

Hand Weapons
 b - a +0 blowgun
Missiles
 x - 6 curare-tipped needles
 K - 140 arrows
 L - 8 poisoned javelins (quivered)
Armour
 n - a +0 cloak (melded)
 H - a +3 leather armour of fire resistance (melded)
 Q - a +0 mottled dragon armour
Jewellery
 s - a ring of protection from cold (right front paw)
 y - an amulet of regeneration (around neck)
 z - a +5 ring of dexterity (left front paw)
Wands
 j - a wand of lightning (5/15)
 q - a wand of slowing (34/48)
 E - a wand of lightning (6/15)
 I - a wand of disintegration (22/24)
 P - a wand of flame (29/48)
 S - a wand of lightning (6/15)
Scrolls
 i - 3 scrolls of magic mapping
 k - 4 scrolls of fog
 m - a scroll of summoning
 v - 3 scrolls of teleportation
 w - 6 scrolls of remove curse
 G - 2 scrolls of enchant armour
 T - 2 scrolls of recharging
 U - a scroll of identify
Potions
 a - 3 potions of agility
 e - a potion of berserk rage {unknown}
 g - a potion of lignification
 p - 2 potions of cure mutation {unknown}
 r - 2 potions of might
 t - 3 potions of haste
 u - a potion of cancellation {unknown}
 A - 7 potions of curing
 B - 2 potions of resistance
 C - 2 potions of mutation
 D - 2 potions of flight
 F - a potion of magic {unknown}
 J - a potion of heal wounds
 O - a potion of brilliance {unknown}
Books
 c - a book of Changes

   Spells                             Type                      Level
   a - Beastly Appendage              Transmutation                1
   b - Sticks to Snakes               Transmutation                2
   c - Spider Form                    Transmutation/Poison         3
   d - Ice Form                       Ice/Transmutation            4
   e - Blade Hands                    Transmutation                5
 l - a book of Enchantments

   Spells                             Type                      Level
   a - Cause Fear                     Hexes                        4
   b - Yara's Violent Unravelling     Hexes/Transmutation          5
   c - Silence                        Hexes/Air                    5
   d - Deflect Missiles               Charms/Air                   6
   e - Haste                          Charms                       6
   f - Discord                        Hexes                        8
 N - a book of the Sky

   Spells                             Type                      Level
   a - Summon Lightning Spire         Summoning/Air                4
   b - Airstrike                      Air                          4
   c - Silence                        Hexes/Air                    5
   d - Deflect Missiles               Charms/Air                   6
   e - Conjure Ball Lightning         Conjuration/Air              6
   f - Tornado                        Air                          9
Comestibles
 d - 7 bread rations
 f - 21 fruits
 h - 16 chunks of flesh
 o - 8 meat rations
 M - a slice of pizza
 R - a beef jerky


   Skills:
 + Level 3.6 Fighting
 + Level 6.4 Armour
 + Level 8.6 Dodging
 * Level 11.0 Unarmed Combat
 - Level 6.6 Spellcasting
 - Level 11.0 Transmutations
 - Level 11.3 Invocations


You had 4 spell levels left.
You knew the following spells:

 Your Spells              Type           Power        Failure   Level  Hunger
a - Blade Hands           Tmut           #####.....   6%          5    ######.
b - Beastly Appendage     Tmut           #####.       1%          1    None
c - Repel Missiles        Chrm/Air       #.....       24%         2    #......
d - Spider Form           Tmut/Pois      ###.......   6%          3    ##.....
e - Swiftness             Chrm/Air       #.......     24%         2    #......
f - Sticks to Snakes      Tmut           #####...     1%          2    #......
g - Blink                 Tloc           N/A          24%         2    #......
h - Ice Form              Ice/Tmut       ###.....     17%         4    ####...


Dungeon Overview and Level Annotations

Branches:
Dungeon (11/15)            Temple (0/1) D:4            Lair (5/6) D:10
 Shoals (0/4) Lair:3        Snake (0/4) Lair:3          Orc (0/2) D:10
  Slime: Lair:5-6

Altars:
Ashenzari
Dithmenos
Elyvilon
Okawaru
Pakellas
Sif Muna
Uskayaw
Vehumet
Zin

Shops:
D:7 (   D:9 (

Portals:
Trove: D:11 (give 17 scrolls of identify)

Annotations:
D:3 Shenda's ghost, amateur VSFi
D:7 Xiguana's ghost, novice HESk
D:8 exclusion: door
Lair:2 HAL9000's ghost, novice DrTm


Innate Abilities, Weirdness & Mutations

((You have a pair of small horns on your head.))
(You are mostly covered in rugged brown scales. (AC +2, +5% HP))
((Your flesh is cold resistant. (rC+)))
You sometimes gain power by taking damage.
((You are resistant to electric shocks. (rElec)))


Message History

The eight-headed hydra is heavily wounded.
The eight-headed hydra bites you. The eight-headed hydra bites you!
The eight-headed hydra bites you but does no damage.
The eight-headed hydra bites you. x2; The eight-headed hydra bites you! x2
* * * LOW HITPOINT WARNING * * *
The eight-headed hydra bites you.
* * * LOW HITPOINT WARNING * * *
Okay, then.
Casting: Ice Form
Confirm with . or Enter, or press ? or * to list all spells.
You miscast Blink.
You are very lightly contaminated with residual magic.
You feel uncomfortable.
The eight-headed hydra barely misses you.
The eight-headed hydra bites you.
* * * LOW HITPOINT WARNING * * *
The eight-headed hydra bites you.
* * * LOW HITPOINT WARNING * * *
The eight-headed hydra misses you. The eight-headed hydra bites you!
You die...

÷...#PP..#...P..#..........##....
..........................#.#...#
#...........................#....
##...........###......#...P...÷..
#....##.....####...#####........#
....###...### #...## #......?.#
P...# ##..# ##...# #...(##..#
PP..# #....# #...## #....###...
PP..# #...## ##Y.# ##...P ..>.
....###.... #..D.....#....P##....
##>.......................# #P...
##.............PP......... ...
.#.....P..P..##PP.....## .#....
.....####.... ###...P.# #....P
....## ##. #...## ##P...P ....###
. ..## ....... #...PP# .....


You could see an eight-headed hydra.

Vanquished Creatures
  Nessos (Lair:4)
  2 hydras (Lair:5)
  2 catoblepae (Lair:5)
  A queen ant (Lair:3)
  Urug (D:10)
  3 hill giants
  A deep elf mage (Volcano)
  3 griffons
  2 manticores
  9 elephants
  Joseph (Lair:1)
  A black mamba (Lair:3)
  A rime drake (Lair:5)
  7 spiny frogs
  5 komodo dragons
  4 blink frogs (Lair:3)
  A two-headed ogre (D:11)
  5 spriggans
  23 yaks
  5 fire bats
  A hog (Volcano)
  A basilisk (Lair:4)
  2 hungry ghosts (D:9)
  9 hippogriffs
  A naga (Lair:3)
  A mottled dragon (D:11)
  5 soldier ants (Lair:3)
  7 water moccasins
  A porcupine (Lair:1)
  6 orc warriors
  A black bear (D:10)
  2 sky beasts (D:6)
  4 ice beasts
  A phantom (D:10)
  4 ogres
  2 necrophages
  3 wolves (Lair:1)
  6 centaurs
  9 crocodiles
  12 giant frogs
  4 big kobolds
  A water moccasin zombie (Ossuary)
  3 scorpions
  4 killer bees (D:10)
  5 wights (D:9)
  3 howler monkeys
  3 crimson imps
  6 centaur zombies
  2 quasits
  5 giant frog zombies
  6 hounds
  A jelly (D:7)
  8 orc priests
  7 orc wizards
  3 centaur skeletons
  13 mummies (Ossuary)
  13 worker ants
  5 iguanas
  A hell rat (Lair:1)
  A killer bee zombie (Ossuary)
  7 sheep
  3 hound zombies (Ossuary)
  A hound skeleton (D:5)
  A howler monkey skeleton (D:5)
  A howler monkey zombie (Ossuary)
  A worker ant zombie (Ossuary)
  6 adders
  35 river rats
  A shadow imp (D:8)
  3 adder zombies
  2 adder skeletons
  A worm (D:2)
  5 dart slugs
  3 giant geckos (D:5)
  47 orcs
  2 ball pythons
  8 bats
  3 giant cockroaches
  8 hobgoblins
  5 jackals
  28 kobolds
  A quokka (D:2)
  2 giant cockroach zombies (Ossuary)
  5 giant newts
  7 goblins
  A jackal skeleton (D:6)
  2 quokka zombies (Ossuary)
  6 rats
445 creatures vanquished.

Vanquished Creatures (collateral kills)
  A water moccasin zombie (D:5)
  An orc wizard (D:4)
  2 adders
  A worm (D:2)
  An orc (D:4)
  A ball python (D:2)
  A rat (D:2)
8 creatures vanquished.

Vanquished Creatures (others)
  A deep elf mage (Volcano)
  A bush (Lair:5)
  2 fungi
4 creatures vanquished.

Grand Total: 457 creatures vanquished

Notes
Turn   | Place    | Note
-------+----------+-------------------------------------------
     0 | D:1      | Gruud the Demonspawn Transmuter began the quest for the Orb.
     0 | D:1      | Reached XP level 1. HP: 15/15 MP: 3/3
    37 | D:1      | Gained mutation: Your flesh is cold resistant. (rC+) [demonic ancestry]
    37 | D:1      | Reached XP level 2. HP: 17/21 MP: 1/5
    88 | D:1      | Learned a level 2 spell: Sticks to Snakes
   436 | D:2      | Gained mutation: You sometimes gain a little power by taking damage. [demonic ancestry]
   436 | D:2      | Reached XP level 3. HP: 26/26 MP: 6/6
   441 | D:2      | Learned a level 3 spell: Spider Form
   862 | D:3      | Gained mutation: You are partially covered in rugged brown scales. (AC +1, +3% HP) [demonic ancestry]
   862 | D:3      | Reached XP level 4. HP: 20/32 MP: 3/7
  1127 | D:3      | Noticed Shenda's ghost (amateur VSFi)
  1816 | D:2      | Found a hide-covered altar of Uskayaw.
  1816 | D:2      | Found an iron altar of Okawaru.
  1821 | D:2      | Became a worshipper of Uskayaw the Reveler
  1889 | D:2      | Reached * piety under Uskayaw
  1939 | D:4      | Gained mutation: You sometimes gain power by taking damage. [demonic ancestry]
  1939 | D:4      | Reached XP level 5. HP: 35/38 MP: 3/8
  2182 | D:4      | Reached ** piety under Uskayaw
  2220 | D:4      | Reached XP level 6. HP: 26/44 MP: 6/9
  2222 | D:4      | Reached *** piety under Uskayaw
  2359 | D:4      | Found a staircase to the Ecumenical Temple.
  2425 | D:4      | Reached skill level 5 in Transmutations
  2438 | D:4      | Reached **** piety under Uskayaw
  2514 | D:5      | Entered Level 5 of the Dungeon
  2959 | D:5      | Reached XP level 7. HP: 23/49 MP: 10/10
  3320 | D:5      | Found a white marble altar of Elyvilon.
  3460 | D:5      | Learned a level 2 spell: Repel Missiles
  3463 | D:5      | Learned a level 2 spell: Swiftness
  3810 | D:7      | Found a sand-covered staircase.
  3824 | D:7      | Found a radiant altar of Vehumet.
  3827 | Ossuary  | Entered an ossuary
  4218 | Ossuary  | Gained mutation: You are mostly covered in rugged brown scales. (AC +2, +5% HP) [demonic ancestry]
  4218 | Ossuary  | Reached XP level 8. HP: 32/56 MP: 11/11
  4521 | D:6      | Reached skill level 5 in Unarmed Combat
  4598 | D:7      | Found Dunysh's Weapon Emporium.
  4642 | D:8      | Found a shadowy altar of Dithmenos.
  4718 | D:7      | Noticed Xiguana's ghost (novice HESk)
  4838 | D:6      | Got a jacinth-encrusted ring mail
  4849 | D:6      | Identified the cursed +0 ring mail of Fortitude {MR+} (You found it on level 6 of the Dungeon)
  5297 | D:7      | Reached skill level 5 in Dodging
  5365 | D:7      | HP: 1/56 [Xiguana's ghost (2)]
  5656 | D:8      | Reached XP level 9. HP: 53/61 MP: 9/12
  5934 | D:8      | You fall through a shaft!
  6015 | D:8      | Found an oddly glowing altar of Pakellas.
  6216 | D:8      | Found a deep blue altar of Sif Muna.
  6496 | D:9      | Reached skill level 1 in Invocations
  6579 | D:9      | Reached ***** piety under Uskayaw
  6623 | D:9      | Found Liokhlete's Antique Weapon Shoppe.
  6857 | D:10     | Entered Level 10 of the Dungeon
  6857 | D:10     | Found a staircase to the Lair.
  6857 | D:10     | Noticed an elephant
  6930 | D:10     | Killed an elephant
  6930 | D:10     | Gained mutation: You have a pair of small horns on your head. [demonic ancestry]
  6930 | D:10     | Reached XP level 10. HP: 40/67 MP: 8/13
  7162 | D:9      | Reached skill level 10 in Transmutations
  7456 | D:10     | Reached ****** piety under Uskayaw
  7457 | D:10     | Reached skill level 5 in Invocations
  7538 | D:10     | Noticed Urug
  7545 | D:9      | Gained mutation: You are resistant to electric shocks. (rElec) [potion of beneficial mutation]
  7566 | D:10     | Killed Urug
  7625 | D:10     | Found a staircase to the Orcish Mines.
  7794 | D:10     | Noticed a hill giant
  7811 | D:10     | Killed a hill giant
  7811 | D:10     | Reached XP level 11. HP: 64/73 MP: 11/15
  8333 | D:11     | Noticed a hill giant
  8361 | D:11     | Killed a hill giant
  8418 | D:11     | Learned a level 5 spell: Blade Hands
  8554 | D:11     | Found a portal to a secret trove of treasure.
  8606 | D:11     | Noticed a hill giant
  8613 | D:11     | Killed a hill giant
  8980 | Lair:1   | Entered Level 1 of the Lair of Beasts
  9033 | Lair:1   | Found a shattered altar of Ashenzari.
  9067 | Lair:1   | Reached skill level 1 in Armour
  9195 | Lair:1   | Noticed Joseph
  9484 | Lair:1   | Killed Joseph
  9591 | Lair:2   | Noticed HAL9000's ghost (novice DrTm)
  9703 | Lair:1   | Reached XP level 12. HP: 52/79 MP: 13/19
  9904 | Lair:2   | Found a dark tunnel.
  9908 | Lair:2   | Reached skill level 5 in Spellcasting
  9917 | Volcano  | Entered a volcano
  9928 | Volcano  | Learned a level 2 spell: Blink
 10261 | Lair:3   | Reached skill level 10 in Invocations
 10371 | Lair:3   | Learned a level 4 spell: Ice Form
 10484 | Lair:3   | Noticed a queen ant
 10493 | Lair:3   | Killed a queen ant
 10589 | Lair:3   | Found a white marble altar of Elyvilon.
 10813 | Lair:3   | Reached skill level 10 in Unarmed Combat
 10818 | Lair:3   | Reached skill level 5 in Armour
 10903 | Lair:3   | Found a staircase to the Shoals.
 10978 | Lair:3   | Found a staircase to the Snake Pit.
 11262 | Lair:4   | Noticed Nessos
 11292 | Lair:4   | Killed Nessos
 11292 | Lair:4   | Reached XP level 13. HP: 38/87 MP: 10/22
 11498 | Lair:4   | Found a glowing silver altar of Zin.
 12246 | Lair:5   | Slain by an eight-headed hydra

Vault maps used:
D:1:      dpeg_arrival_tiny_d
D:2:      gammafunk_temple_overflow_elements, first_bread, minmay_cupped
D:3:      minmay_gold_behind_fungi
D:5:      old_standard_altar
D:7:      fiery_altar_vehumet, grunt_gozag_breadcrumbs, serial_shops,
          shop_statue, enter_ossuary_3, uniq_crazy_yiuf_cottage
D:8:      nicolae_overflow_crystal_walls, led_sif_book, lemuel_crystal_altar
D:9:      serial_shops, nicolae_shop_crystal, the_bakery
D:10:     david_lair_generic, minmay_misc_feat_chi, dk_vineyard_2, uniq_urug
D:11:     nicolae_trove_entry_columns, kennysheep_decorative_pillar
Lair:1:   kb_forest_paths, basic_altar, uniq_joseph
Lair:2:   nicolae_volcano_entry_batcave, uniq_nergalle
Lair:3:   minmay_shoals_entry_beasts, guppyfry_snake_entry_island, basic_altar,
          wad_woods_antlair
Lair:4:   basic_altar, uniq_nessos
Lair:5:   serial_bayou_shore_b, uniq_rupert
Ossuary:  ossuary_zaba_flooded
Volcano:  volcano_village

Skill      XL: |  1  2  3  4  5  6  7  8  9 10 11 12 13 |
---------------+----------------------------------------+-----
Transmutations | 2 3 4 5 6 8 9 10 11 | 11.0
Dodging        | 2 3 5 6 7 8 |  8.6
Unarmed Combat | 3 4 5 6 8 9 10 11 | 11.0
Invocations    | 4 6 9 11 | 11.3
Spellcasting   | 4 6 |  6.6
Armour         | 2 5 6 |  6.4
Fighting       | 3 |  3.6

Action                   |  1- 3 |  4- 6 |  7- 9 | 10-12 | 13-15 || total
-------------------------+-------+-------+-------+-------+-------++-------
Melee: Unarmed           |    27 |    82 |   411 |   736 |   158 ||  1414
       Headbutt          |     7 |       |       |   116 |    33 ||   156
       Kick              |     2 |       |     5 |       |       ||     7
       Dagger            |    72 |       |   175 |       |       ||   247
       Short sword       |    32 |   114 |    51 |       |       ||   197
       Punch             |       |       |     7 |    25 |    10 ||    42
 Fire: Hunting sling     |       |     2 |     7 |       |       ||     9
       Blowgun           |       |       |       |     1 |     1 ||     2
 Cast: Beastly Appendage |     7 |       |     1 |     1 |       ||     9
       Spider Form       |     1 |     9 |    34 |    22 |       ||    66
       Sticks to Snakes  |       |    10 |     2 |     6 |       ||    18
       Repel Missiles    |       |       |     1 |     6 |       ||     7
       Blade Hands       |       |       |       |    37 |    10 ||    47
       Blink             |       |       |       |     2 |     1 ||     3
       Ice Form          |       |       |       |       |     3 ||     3
Invok: Stomp             |       |       |       |     2 |       ||     2
 Abil: End Transformatio |       |       |     1 |     8 |     2 ||    11
Evoke: Wand              |       |       |       |     8 |       ||     8
  Use: Scroll            |       |     2 |     7 |    13 |     4 ||    26
       Potion            |       |     1 |       |     3 |       ||     4
 Stab: Paralysed         |       |     2 |    18 |    57 |     8 ||    85
       Sleeping          |       |       |     2 |     3 |     1 ||     6
  Eat: Chunk             |       |     9 |    11 |    24 |     3 ||    47
       Pizza             |       |       |     2 |       |       ||     2
       Beef jerky        |       |       |     1 |     6 |       ||     7
       Fruit             |       |       |     1 |     1 |       ||     2
       Bread ration      |       |       |     1 |       |     1 ||     2
Armor: Robe              |    28 |    36 |    35 |     9 |       ||   108
       Skin              |       |     6 |    10 |     8 |     9 ||    33
       Mottled dragon ar |       |       |       |    42 |       ||    42
       Leather armour    |       |       |       |    44 |    26 ||    70
Dodge: Dodged            |    86 |   145 |   404 |   672 |   147 ||  1454
       Deflected         |       |       |     1 |    10 |       ||    11
